General information
- name: BNet
- type: Ladder team game (AT/RT)
- host: Battle.net
- saver: Jiggy-Boy-Cover
map: Feralas_LV
- players: 8
- length: 55:49
- speed: Fast
- version: 1.29 W3XP
- replay type: Public
» download(590 KB)
Players
team 1 (winner)
iMAGiNE] (
red | 97 APM | 2204 actions | 22:43)
4 Blood Mage
2 Flame Strike
2 Siphon Mana
2 Paladin
1 Holy Light
1 Devotion Aura
1 Goblin Alchemist
1 Healing Spray
» actions
| Assign group hotkey | 227 | |
| Basic commands | 86 | |
| Build / train | 93 | |
| ESC pressed | 10 | |
| Enter build submenu | 32 | |
| Enter hero's abilities submenu | 7 | |
| Remove unit from queue | 7 | |
| Right click | 787 | |
| Select / deselect | 358 | |
| Select group hotkey | 492 | |
| Use ability | 105 | |
2204 total
» units
| Peasant | 17 | |
| Footman | 7 | |
| Dragonhawk Rider | 8 | |
| Flying Machine | 10 | |
| Sorceress | 2 | |
| Priest | 2 | |
| Mortar Team | 3 | |
49 total
» upgrades
| Lumber Harvesting | 3 | |
| Gunpowder | 2 | |
| Plating | 0 | |
| Armor | 2 | |
| Cloud | 1 | |
| Masonry | 2 | |
| Flak Cannons | 1 | |
| Flare | 1 | |
| Fragmentation Shards | 1 | |
13 total
» buildings
| Altar of Kings | 1 | |
| Farm | 15 | |
| Barracks | 1 | |
| Arcane Vault | 2 | |
| Keep | 1 | |
| Lumber Mill | 1 | |
| Town Hall | 1 | |
| Scout Tower | 4 | |
| Guard Tower | 5 | |
| Castle | 1 | |
| Blacksmith | 1 | |
| Gryphon Aviary | 2 | |
| Workshop | 2 | |
| Arcane Sanctum | 1 | |
38 total
» build order
00:16 Altar of Kings
00:18 Farm
00:58 Barracks
01:05 Farm
01:48 Farm
02:09 Arcane Vault
03:08 Farm
03:32 Keep
04:31 Lumber Mill
04:48 Town Hall
04:50 Scout Tower
04:51 Scout Tower
04:54 Scout Tower
04:56 Scout Tower
05:05 Arcane Vault
05:31 Guard Tower
05:31 Guard Tower
06:31 Guard Tower
06:32 Guard Tower
06:32 Guard Tower
07:25 Castle
08:24 Blacksmith
08:27 Farm
08:29 Farm
08:30 Farm
08:30 Farm
08:32 Farm
08:33 Farm
08:34 Farm
08:35 Farm
08:39 Gryphon Aviary
08:44 Gryphon Aviary
10:57 Workshop
11:29 Arcane Sanctum
12:59 Farm
13:01 Farm
16:25 Farm
17:07 Workshop
» items
| Scroll of Regeneration | 1 | |
| Potion of Lesser Invulnerability | 1 | |
| Boots of Speed | 1 | |
| Scroll of Protection | 1 | |
4 total
534ui5hu345 (
green | 129 APM | 5370 actions | 41:35)
6 Tauren Chieftain
2 Endurance Aura
3 Shockwave
1 Reincarnation
3 Shadow Hunter
1 Healing Wave
2 Hex
» actions
| Assign group hotkey | 55 | |
| Basic commands | 44 | |
| Build / train | 108 | |
| ESC pressed | 1 | |
| Enter build submenu | 45 | |
| Enter hero's abilities submenu | 10 | |
| Give item / drop item | 12 | |
| Remove unit from queue | 2 | |
| Right click | 3129 | |
| Select / deselect | 445 | |
| Select group hotkey | 1284 | |
| Use ability | 235 | |
5370 total
» units
| Peon | 15 | |
| Grunt | 7 | |
| Troll Batrider | 12 | |
34 total
» upgrades
| Spiked Barricades | 2 | |
| Reinforced Defenses | 1 | |
| Liquid Fire | 1 | |
4 total
» buildings
| Altar of Storms | 2 | |
| Orc Burrow | 6 | |
| Barracks | 1 | |
| Voodoo Lounge | 2 | |
| War Mill | 1 | |
| Watch Tower | 24 | |
| Great Hall | 2 | |
| Stronghold | 1 | |
| Fortress | 1 | |
| Beastiary | 2 | |
42 total
» build order
00:07 Altar of Storms
00:19 Orc Burrow
00:35 Barracks
01:28 Orc Burrow
02:06 Voodoo Lounge
02:57 War Mill
03:38 Orc Burrow
04:28 Watch Tower
04:29 Watch Tower
04:41 Watch Tower
04:55 Great Hall
05:30 Watch Tower
05:39 Watch Tower
05:54 Watch Tower
06:01 Watch Tower
06:33 Watch Tower
06:37 Watch Tower
07:07 Great Hall
07:45 Stronghold
08:24 Watch Tower
08:25 Watch Tower
09:32 Watch Tower
09:33 Watch Tower
10:38 Fortress
10:41 Watch Tower
11:14 Watch Tower
11:16 Watch Tower
11:21 Watch Tower
12:41 Watch Tower
12:44 Watch Tower
13:02 Watch Tower
13:04 Watch Tower
13:29 Watch Tower
15:16 Beastiary
15:16 Beastiary
17:21 Watch Tower
17:22 Watch Tower
20:05 Orc Burrow
20:06 Orc Burrow
20:09 Orc Burrow
20:10 Altar of Storms
24:42 Voodoo Lounge
» items
| Healing Salve | 6 | |
| Lesser Clarity Potion | 17 | |
| Scroll of Speed | 3 | |
| Staff of Teleportation | 1 | |
| Scroll of Town Portal | 5 | |
| Scroll of Regeneration | 2 | |
| Mechanical Critter | 1 | |
| Potion of Mana | 9 | |
| Tiny Great Hall | 1 | |
| Orb of Lightning | 1 | |
| Potion of Healing | 8 | |
54 total
122313212136514 (
orange | 118 APM | 4899 actions | 41:27)
5 Archmage
2 Blizzard
3 Brilliance Aura
4 Paladin
2 Holy Light
2 Divine Shield
4 Mountain King
2 Storm Bolt
2 Thunder Clap
1 Shadow Hunter
1 Hex
» actions
| Assign group hotkey | 63 | |
| Basic commands | 83 | |
| Build / train | 156 | |
| ESC pressed | 7 | |
| Enter build submenu | 49 | |
| Enter hero's abilities submenu | 14 | |
| Give item / drop item | 20 | |
| Right click | 1927 | |
| Select / deselect | 1180 | |
| Select group hotkey | 1000 | |
| Use ability | 400 | |
4899 total
» units
| Peasant | 31 | |
| Dragonhawk Rider | 3 | |
| Flying Machine | 4 | |
38 total
» upgrades
| Masonry | 3 | |
| Swords | 3 | |
| Cloud | 1 | |
| Animal War Training | 1 | |
| Magic Sentry | 1 | |
| Armor | 2 | |
11 total
» buildings
| Altar of Kings | 1 | |
| Farm | 10 | |
| Lumber Mill | 1 | |
| Scout Tower | 46 | |
| Arcane Tower | 2 | |
| Town Hall | 2 | |
| Arcane Vault | 2 | |
| Guard Tower | 10 | |
| Keep | 1 | |
| Blacksmith | 1 | |
| Castle | 2 | |
| Barracks | 1 | |
| Gryphon Aviary | 2 | |
| Workshop | 2 | |
| Cannon Tower | 15 | |
| Arcane Sanctum | 1 | |
99 total
» build order
00:08 Altar of Kings
00:36 Farm
00:52 Lumber Mill
00:56 Farm
00:56 Farm
01:15 Scout Tower
01:22 Scout Tower
01:59 Arcane Tower
03:15 Town Hall
03:17 Town Hall
03:22 Scout Tower
03:23 Scout Tower
03:31 Arcane Vault
04:32 Guard Tower
04:32 Arcane Tower
05:11 Guard Tower
05:17 Keep
05:56 Scout Tower
05:57 Scout Tower
06:00 Scout Tower
06:01 Scout Tower
06:02 Farm
06:03 Farm
06:03 Farm
06:03 Farm
06:38 Guard Tower
07:17 Scout Tower
07:17 Scout Tower
07:17 Scout Tower
07:18 Scout Tower
07:18 Scout Tower
07:27 Scout Tower
07:28 Scout Tower
07:28 Scout Tower
07:50 Guard Tower
07:52 Blacksmith
08:01 Castle
08:01 Castle
08:06 Guard Tower
08:08 Farm
08:09 Farm
08:09 Farm
08:24 Guard Tower
08:28 Barracks
08:36 Guard Tower
08:40 Gryphon Aviary
08:41 Gryphon Aviary
09:11 Guard Tower
09:13 Guard Tower
09:13 Scout Tower
09:15 Scout Tower
09:16 Scout Tower
09:16 Scout Tower
09:17 Scout Tower
10:18 Workshop
10:19 Workshop
11:31 Cannon Tower
11:32 Cannon Tower
11:32 Cannon Tower
11:33 Cannon Tower
11:33 Cannon Tower
11:34 Cannon Tower
12:56 Scout Tower
12:58 Arcane Sanctum
16:54 Scout Tower
16:55 Scout Tower
16:55 Scout Tower
16:55 Scout Tower
18:08 Cannon Tower
18:08 Cannon Tower
18:27 Cannon Tower
20:03 Cannon Tower
20:04 Scout Tower
20:10 Arcane Vault
22:03 Scout Tower
22:04 Scout Tower
23:11 Cannon Tower
23:45 Cannon Tower
24:39 Scout Tower
24:40 Scout Tower
24:40 Scout Tower
24:40 Scout Tower
24:41 Scout Tower
24:41 Scout Tower
24:42 Scout Tower
24:43 Scout Tower
24:43 Scout Tower
24:43 Scout Tower
24:44 Scout Tower
24:44 Scout Tower
26:26 Cannon Tower
26:26 Cannon Tower
26:27 Cannon Tower
26:27 Guard Tower
28:02 Scout Tower
28:03 Scout Tower
28:03 Scout Tower
28:04 Scout Tower
28:04 Scout Tower
» items
| Scroll of Regeneration | 5 | |
| Periapt of Vitality | 4 | |
| Boots of Speed | 2 | |
| Scroll of Healing | 2 | |
| Potion of Healing | 13 | |
| Scroll of Town Portal | 11 | |
| Potion of Mana | 14 | |
| Lesser Clarity Potion | 5 | |
| Dust of Appearance | 1 | |
57 total
Jiggy-Boy-Cover (
yellow | 115 APM | 6435 actions | 55:49)
9 Archmage
3 Summon Water Elemental
3 Brilliance Aura
1 Mass Teleport
2 Blizzard
8 Mountain King
3 Storm Bolt
3 Bash
1 Avatar
1 Thunder Clap
» actions
| Assign group hotkey | 79 | |
| Basic commands | 411 | |
| Build / train | 175 | |
| ESC pressed | 1 | |
| Enter build submenu | 65 | |
| Enter hero's abilities submenu | 19 | |
| Give item / drop item | 18 | |
| Right click | 1540 | |
| Select / deselect | 823 | |
| Select group hotkey | 2880 | |
| Use ability | 424 | |
6435 total
» units
| Peasant | 18 | |
| Footman | 3 | |
| Rifleman | 7 | |
| Sorceress | 4 | |
| Gryphon Rider | 5 | |
| Priest | 5 | |
| Dragonhawk Rider | 8 | |
| Flying Machine | 2 | |
52 total
» upgrades
| Gunpowder | 3 | |
| Masonry | 3 | |
| Long Rifles | 1 | |
| Armor | 3 | |
| Lumber Harvesting | 2 | |
| Swords | 3 | |
| Plating | 3 | |
| Sorceress Training | 2 | |
| Animal War Training | 1 | |
| Storm Hammers | 1 | |
| Cloud | 1 | |
| Priest Training | 2 | |
| Barrage | 1 | |
| Magic Sentry | 1 | |
27 total
» buildings
| Altar of Kings | 1 | |
| Barracks | 1 | |
| Farm | 15 | |
| Arcane Vault | 3 | |
| Blacksmith | 1 | |
| Lumber Mill | 1 | |
| Keep | 2 | |
| Town Hall | 1 | |
| Scout Tower | 28 | |
| Guard Tower | 31 | |
| Arcane Tower | 5 | |
| Castle | 2 | |
| Arcane Sanctum | 2 | |
| Gryphon Aviary | 6 | |
| Workshop | 1 | |
100 total
» build order
01:13 Altar of Kings
01:14 Barracks
01:16 Farm
01:17 Farm
01:25 Farm
01:46 Arcane Vault
01:54 Farm
02:36 Blacksmith
03:33 Lumber Mill
04:12 Keep
04:12 Keep
04:51 Town Hall
04:59 Scout Tower
05:00 Scout Tower
05:02 Scout Tower
05:03 Scout Tower
05:30 Guard Tower
05:30 Guard Tower
05:50 Guard Tower
06:07 Arcane Tower
06:39 Guard Tower
06:58 Scout Tower
07:15 Castle
07:15 Castle
07:42 Guard Tower
07:42 Guard Tower
09:01 Scout Tower
09:02 Scout Tower
09:31 Arcane Sanctum
09:36 Guard Tower
09:36 Guard Tower
10:37 Farm
10:46 Scout Tower
10:47 Scout Tower
11:18 Guard Tower
11:18 Guard Tower
11:21 Guard Tower
12:03 Scout Tower
12:04 Scout Tower
12:10 Scout Tower
12:13 Scout Tower
13:02 Guard Tower
13:02 Guard Tower
13:16 Guard Tower
13:16 Guard Tower
13:18 Scout Tower
13:22 Scout Tower
14:31 Farm
14:35 Farm
14:45 Guard Tower
14:45 Guard Tower
14:47 Scout Tower
14:51 Scout Tower
14:54 Scout Tower
15:23 Gryphon Aviary
15:25 Gryphon Aviary
15:27 Gryphon Aviary
15:30 Arcane Tower
15:30 Arcane Tower
15:33 Scout Tower
15:34 Scout Tower
16:07 Scout Tower
16:12 Scout Tower
16:21 Scout Tower
16:35 Guard Tower
16:35 Guard Tower
16:40 Guard Tower
16:41 Guard Tower
16:46 Guard Tower
16:47 Guard Tower
16:53 Guard Tower
16:53 Guard Tower
17:25 Arcane Vault
17:29 Arcane Vault
18:43 Scout Tower
18:45 Scout Tower
19:02 Scout Tower
19:05 Scout Tower
19:58 Guard Tower
19:58 Guard Tower
20:00 Guard Tower
20:00 Guard Tower
20:11 Scout Tower
20:15 Arcane Tower
20:15 Arcane Tower
20:37 Gryphon Aviary
20:39 Gryphon Aviary
20:51 Gryphon Aviary
21:05 Guard Tower
21:05 Guard Tower
21:37 Farm
21:39 Farm
21:45 Farm
21:49 Farm
21:50 Farm
22:00 Arcane Sanctum
22:04 Workshop
26:57 Farm
26:58 Farm
27:06 Farm
» items
| Scroll of Regeneration | 6 | |
| Mechanical Critter | 5 | |
| Staff of Sanctuary | 1 | |
| Orb of Fire | 1 | |
| Lesser Clarity Potion | 1 | |
| Staff of Teleportation | 2 | |
| Potion of Lesser Invulnerability | 1 | |
| Scroll of Protection | 1 | |
| Boots of Speed | 1 | |
| Scroll of Town Portal | 1 | |
| Potion of Healing | 2 | |
22 total
team 2 (loser)
rockylovesemily (
purple | 68 APM | 3079 actions | 45:36)
5 Archmage
3 Summon Water Elemental
1 Brilliance Aura
1 Blizzard
3 Mountain King
1 Storm Bolt
1 Bash
1 Thunder Clap
» actions
| Assign group hotkey | 37 | |
| Basic commands | 17 | |
| Build / train | 123 | |
| Enter build submenu | 45 | |
| Enter hero's abilities submenu | 9 | |
| Give item / drop item | 7 | |
| Right click | 1181 | |
| Select / deselect | 720 | |
| Select group hotkey | 745 | |
| Use ability | 193 | |
3079 total
» units
| Peasant | 35 | |
| Footman | 10 | |
| Gryphon Rider | 6 | |
| Knight | 2 | |
| Dragonhawk Rider | 6 | |
59 total
» upgrades
| Defend | 1 | |
| Swords | 2 | |
| Plating | 1 | |
| Lumber Harvesting | 2 | |
| Masonry | 3 | |
| Storm Hammers | 1 | |
| Animal War Training | 1 | |
| Cloud | 1 | |
| Armor | 1 | |
13 total
» buildings
| Barracks | 4 | |
| Altar of Kings | 1 | |
| Farm | 11 | |
| Scout Tower | 20 | |
| Lumber Mill | 1 | |
| Town Hall | 2 | |
| Arcane Vault | 2 | |
| Guard Tower | 12 | |
| Arcane Tower | 3 | |
| Keep | 1 | |
| Blacksmith | 1 | |
| Castle | 1 | |
| Gryphon Aviary | 2 | |
61 total
» build order
00:14 Barracks
00:17 Barracks
00:21 Altar of Kings
00:27 Farm
00:50 Farm
01:45 Farm
01:57 Scout Tower
02:59 Lumber Mill
03:59 Town Hall
04:00 Scout Tower
04:02 Scout Tower
04:10 Farm
04:23 Arcane Vault
04:40 Guard Tower
04:42 Arcane Tower
05:59 Keep
06:37 Blacksmith
06:41 Arcane Tower
06:52 Scout Tower
07:16 Farm
07:18 Farm
07:49 Guard Tower
07:54 Arcane Vault
07:58 Scout Tower
07:59 Scout Tower
08:30 Guard Tower
09:05 Castle
09:55 Guard Tower
11:45 Scout Tower
11:45 Scout Tower
11:46 Scout Tower
12:08 Gryphon Aviary
12:09 Gryphon Aviary
13:13 Guard Tower
13:19 Scout Tower
13:34 Farm
13:36 Farm
13:49 Arcane Tower
14:55 Scout Tower
14:56 Scout Tower
14:58 Scout Tower
15:07 Guard Tower
15:09 Guard Tower
15:26 Guard Tower
16:29 Scout Tower
16:40 Farm
16:40 Farm
16:41 Farm
19:51 Barracks
19:52 Barracks
22:14 Guard Tower
22:16 Scout Tower
34:06 Town Hall
36:01 Scout Tower
36:05 Scout Tower
36:29 Guard Tower
36:31 Scout Tower
36:45 Guard Tower
37:00 Scout Tower
37:00 Scout Tower
37:02 Guard Tower
» items
| Scroll of Regeneration | 5 | |
| Lesser Clarity Potion | 1 | |
| Potion of Healing | 1 | |
| Ivory Tower | 6 | |
| Orb of Fire | 1 | |
| Orb of Lightning | 1 | |
| Healing Salve | 1 | |
| Boots of Speed | 2 | |
| Scroll of Healing | 1 | |
| Scroll of Town Portal | 3 | |
| Staff of Teleportation | 1 | |
| Mechanical Critter | 1 | |
24 total

»
Intrigue (
pink | 45 APM | 2521 actions | 55:49)
5 Keeper of the Grove
2 Force of Nature
3 Entangling Roots
3 Naga Sea Witch
2 Frost Arrows
1 Forked Lightning
3 Dark Ranger
1 Silence
2 Black Arrow
» actions
| Assign group hotkey | 108 | |
| Basic commands | 1 | |
| Build / train | 87 | |
| ESC pressed | 2 | |
| Enter build submenu | 21 | |
| Enter hero's abilities submenu | 11 | |
| Remove unit from queue | 1 | |
| Right click | 1078 | |
| Select / deselect | 355 | |
| Select group hotkey | 775 | |
| Use ability | 81 | |
2521 total
» units
| Wisp | 20 | |
| Huntress | 10 | |
| Druid of the Talon | 4 | |
| Dryad | 6 | |
| Chimaera | 8 | |
| Hippogryph | 10 | |
| Glaive Thrower | 3 | |
61 total
» upgrades
| Sentinel | 1 | |
| Strength of the Wild | 2 | |
| Reinforced Hides | 1 | |
| Corrosive Breath | 1 | |
| Abolish Magic | 1 | |
6 total
» buildings
| Altar of Elders | 1 | |
| Moon Well | 8 | |
| Hunter's Hall | 1 | |
| Ancient of War | 1 | |
| Tree of Ages | 2 | |
| Ancient Protector | 2 | |
| Tree of Eternity | 1 | |
| Tree of Life | 2 | |
| Ancient of Wind | 1 | |
| Ancient of Lore | 1 | |
| Chimaera Roost | 2 | |
| Ancient of Wonders | 1 | |
23 total
» build order
00:18 Altar of Elders
00:21 Moon Well
01:37 Hunter's Hall
01:46 Ancient of War
02:01 Moon Well
02:11 Moon Well
03:30 Tree of Ages
03:31 Tree of Ages
05:10 Ancient Protector
05:49 Ancient Protector
07:21 Tree of Eternity
08:57 Tree of Life
09:15 Ancient of Wind
09:18 Ancient of Lore
12:44 Moon Well
12:47 Chimaera Roost
12:50 Chimaera Roost
12:58 Moon Well
14:39 Moon Well
16:22 Moon Well
17:23 Ancient of Wonders
20:05 Moon Well
30:13 Tree of Life
» items
Dark-Kenka44 (
teal | 68 APM | 3786 actions | 55:49)
7 Blademaster
3 Wind Walk
3 Critical Strike
1 Bladestorm
» actions
| Assign group hotkey | 81 | |
| Basic commands | 181 | |
| Build / train | 93 | |
| Enter build submenu | 87 | |
| Enter hero's abilities submenu | 7 | |
| Give item / drop item | 19 | |
| Remove unit from queue | 1 | |
| Right click | 1745 | |
| Select / deselect | 574 | |
| Select group hotkey | 710 | |
| Use ability | 288 | |
3786 total
» units
| Peon | 20 | |
| Grunt | 5 | |
| Demolisher | 7 | |
| Wind Rider | 5 | |
| Troll Batrider | 2 | |
39 total
» upgrades
| Ranged Weapons | 3 | |
| Burning Oil | 1 | |
| Reinforced Defenses | 1 | |
| Armor | 3 | |
| Troll Regeneration | 1 | |
| Envenomed Spears | 1 | |
10 total
» buildings
| Orc Burrow | 4 | |
| Altar of Storms | 1 | |
| Barracks | 2 | |
| Voodoo Lounge | 4 | |
| Stronghold | 1 | |
| War Mill | 3 | |
| Great Hall | 5 | |
| Watch Tower | 66 | |
| Fortress | 1 | |
| Spirit Lodge | 1 | |
| Beastiary | 4 | |
92 total
» build order
00:12 Orc Burrow
01:02 Altar of Storms
01:03 Barracks
01:07 Orc Burrow
01:42 Voodoo Lounge
02:52 Stronghold
03:54 War Mill
04:26 Orc Burrow
05:25 Great Hall
05:31 Watch Tower
05:34 Watch Tower
05:53 Watch Tower
06:04 Watch Tower
07:08 Watch Tower
07:08 Watch Tower
07:09 Watch Tower
07:13 Watch Tower
07:23 Voodoo Lounge
08:04 Fortress
09:13 Barracks
09:15 Orc Burrow
09:18 War Mill
13:21 Spirit Lodge
13:23 Watch Tower
13:23 Watch Tower
13:24 Watch Tower
13:24 Watch Tower
13:27 Watch Tower
13:27 Watch Tower
13:27 Watch Tower
15:06 Watch Tower
15:06 Watch Tower
15:07 Watch Tower
15:32 Watch Tower
15:32 Watch Tower
16:25 Watch Tower
17:04 Watch Tower
17:05 Watch Tower
17:06 Watch Tower
20:24 Watch Tower
20:24 Watch Tower
20:24 Watch Tower
20:24 Watch Tower
20:25 Watch Tower
20:25 Watch Tower
20:26 Watch Tower
20:37 Watch Tower
20:38 Watch Tower
20:38 Watch Tower
20:39 Watch Tower
20:42 Watch Tower
20:42 Watch Tower
20:47 Watch Tower
20:48 Watch Tower
20:49 Watch Tower
20:52 Watch Tower
24:05 Beastiary
24:06 Beastiary
24:06 Beastiary
24:07 Beastiary
25:50 Great Hall
27:07 Watch Tower
27:08 Watch Tower
27:08 Watch Tower
27:08 Watch Tower
27:12 Watch Tower
27:13 Watch Tower
27:14 Watch Tower
27:15 Watch Tower
28:28 Watch Tower
31:38 Great Hall
31:40 Great Hall
31:43 Watch Tower
31:43 Watch Tower
31:43 Watch Tower
31:44 Watch Tower
32:32 Watch Tower
32:35 Watch Tower
32:39 Voodoo Lounge
32:42 Watch Tower
38:12 Great Hall
38:19 Watch Tower
38:19 Watch Tower
38:20 Watch Tower
38:27 Watch Tower
38:27 Watch Tower
38:33 War Mill
38:53 Voodoo Lounge
38:55 Watch Tower
38:57 Watch Tower
39:01 Watch Tower
39:04 Watch Tower
» items
| Healing Salve | 8 | |
| Staff of Teleportation | 2 | |
| Potion of Healing | 3 | |
| Lesser Clarity Potion | 9 | |
| Potion of Mana | 7 | |
| Scroll of Town Portal | 3 | |
| Orb of Lightning | 1 | |
33 total

»
23423 (
blue | 60 APM | 3360 actions | 55:49)
5 Death Knight
2 Death Coil
3 Unholy Aura
1 Dreadlord
1 Vampiric Aura
» actions
| Assign group hotkey | 54 | |
| Basic commands | 175 | |
| Build / train | 107 | |
| Enter build submenu | 39 | |
| Enter hero's abilities submenu | 6 | |
| Give item / drop item | 7 | |
| Remove unit from queue | 1 | |
| Right click | 1603 | |
| Select / deselect | 579 | |
| Select group hotkey | 576 | |
| Use ability | 213 | |
3360 total
» units
| Acolyte | 15 | |
| Ghoul | 5 | |
| Crypt Fiend | 31 | |
| Meatwagon | 8 | |
| Necromancer | 6 | |
| Obsidian Statue | 2 | |
67 total
» upgrades
| Burrow | 1 | |
| Web | 1 | |
| Exhume Corpses | 1 | |
| Unholy Armor | 2 | |
| Unholy Strength | 2 | |
| Skeletal Longevity | 1 | |
| Necromancer Training | 2 | |
| Skeletal Mastery | 1 | |
11 total
» buildings
| Necropolis | 2 | |
| Crypt | 2 | |
| Ziggurat | 18 | |
| Altar of Darkness | 1 | |
| Graveyard | 1 | |
| Spirit Tower | 13 | |
| Tomb of Relics | 2 | |
| Halls of the Dead | 1 | |
| Slaughterhouse | 2 | |
| Temple of the Damned | 2 | |
| Black Citadel | 1 | |
45 total
» build order
00:39 Necropolis
00:52 Crypt
01:08 Ziggurat
01:27 Altar of Darkness
02:09 Graveyard
02:25 Ziggurat
02:30 Ziggurat
02:46 Ziggurat
03:35 Spirit Tower
03:40 Spirit Tower
05:14 Tomb of Relics
06:19 Halls of the Dead
06:38 Crypt
06:44 Ziggurat
06:48 Ziggurat
07:21 Ziggurat
08:12 Spirit Tower
08:13 Spirit Tower
09:05 Slaughterhouse
09:34 Ziggurat
10:58 Temple of the Damned
11:01 Slaughterhouse
11:05 Temple of the Damned
11:16 Spirit Tower
12:49 Black Citadel
12:57 Tomb of Relics
13:03 Ziggurat
13:07 Ziggurat
13:10 Ziggurat
13:59 Spirit Tower
14:01 Spirit Tower
14:03 Spirit Tower
15:09 Ziggurat
15:15 Ziggurat
16:31 Spirit Tower
24:05 Necropolis
27:40 Ziggurat
27:42 Ziggurat
30:21 Spirit Tower
30:23 Ziggurat
30:25 Ziggurat
31:21 Spirit Tower
31:53 Spirit Tower
33:40 Ziggurat
34:59 Spirit Tower
» items
| Mechanical Critter | 1 | |
| Sacrificial Skull | 1 | |
| Orb of Corruption | 1 | |
| Scroll of Town Portal | 2 | |
5 total
Chat log
(01:50 / Allies) Jiggy-Boy-Cover: heroes?
(01:58 / Allies) iMAGiNE]: starting bloodmage
(06:47 / Allies) iMAGiNE]: omw
(14:00 / Allies) iMAGiNE]: have cloud
(16:08 / Allies) Jiggy-Boy-Cover: lumber plz
(18:32 / Allies) Jiggy-Boy-Cover: lumber anyone?
(18:38 / Allies) iMAGiNE]: little
(18:39 / Allies) iMAGiNE]: bad timing
(18:49 / All) Dark-Kenka44: why are you hitting me from oppsoite side retarded orange?
(19:16 / Allies) iMAGiNE]: gg
(19:40 / Allies) Jiggy-Boy-Cover: cant even kill anyone on ur tk list cuz u get raped by random noobs before u get chance
(19:42 / Allies) Jiggy-Boy-Cover: good game loser
(19:57 / Allies) iMAGiNE]: sure when its 4v1
(19:59 / Allies) iMAGiNE]: lol
(20:03 / Allies) Jiggy-Boy-Cover: you got raped
(20:05 / Allies) iMAGiNE]: your logic is kinda fault
(20:06 / Allies) Jiggy-Boy-Cover: just like when you got tked
(20:06 / All) Dark-Kenka44: hmm should I go 100 food?
(20:08 / Allies) iMAGiNE]: not really
(20:16 / Allies) iMAGiNE]: raped is losing in solo
(20:17 / Allies) iMAGiNE]: this is 4s
(20:19 / Allies) iMAGiNE]: is a shit show
(20:26 / Allies) Jiggy-Boy-Cover: raped is when you get your shit pushed in by random ladder trash
(20:34 / Allies) iMAGiNE]: 4s isnt anything
(20:35 / Allies) Jiggy-Boy-Cover: all talk with nothing to back it up
(20:37 / Allies) iMAGiNE]: its not even ladder worthy
(20:48 / Allies) Jiggy-Boy-Cover: if its nothing why do you care so much about putting me and my friend on your tk list LOL
(20:57 / Allies) Jiggy-Boy-Cover: face it, you care a lot about it
(20:59 / Allies) iMAGiNE]: lol
(21:01 / Allies) iMAGiNE]: not really
(21:08 / Allies) iMAGiNE]: was more of an idle threat
(21:11 / Allies) iMAGiNE]: was prob in a bad mood
(21:13 / Allies) iMAGiNE]: out of weed or something
(21:16 / Allies) iMAGiNE]: i dont even remember saying that
(22:02 / All) Dark-Kenka44: really?
(22:11 / All) Dark-Kenka44: Why are two faggots from other side of map hitting my mass towrs?
(22:20 / All) Dark-Kenka44: MASS TOWRES
(22:22 / All) Dark-Kenka44: vs no towers
(22:23 / All) Dark-Kenka44: LMAO
(22:41 / All) Dark-Kenka44: MASS TOWERS
(22:43 / All) Dark-Kenka44: VS NO TOWRES
(22:43 / All) Dark-Kenka44: WTF
(22:49 / All) Dark-Kenka44: UNBELIVABLE!
(23:37 / All) Dark-Kenka44: pink has 2 towers and they focus iwth 10 heroes my mass towers
(23:38 / All) Dark-Kenka44: LOL
(23:39 / All) Dark-Kenka44: wtf
(23:44 / All) Dark-Kenka44: I've never seen dumber people in my life
(28:11 / All) Dark-Kenka44: lol
(28:15 / All) Dark-Kenka44: what's YOUR problem?
(28:23 / All) Dark-Kenka44: what is wrong with you?
(29:00 / All) Dark-Kenka44: wow
(29:03 / All) Dark-Kenka44: YOu realizde
(29:06 / All) Dark-Kenka44: blue has expo left of me
(29:08 / All) Dark-Kenka44: with NO towers?
(29:51 / All) Dark-Kenka44: oRange and green are the dumbest players I've ever seen in my life
(29:59 / All) 122313212136514: are u mad bro ?
(30:02 / All) Dark-Kenka44: YEs
(30:04 / All) Dark-Kenka44: You are retarded
(30:10 / All) 122313212136514: u are mad
(30:15 / All) Dark-Kenka44: Yes I just said that you moron
(30:16 / All) 122313212136514: what is ur problem
(30:20 / All) Dark-Kenka44: What's wrong with you
(30:25 / All) Dark-Kenka44: What's YOUR problem
(30:54 / All) Dark-Kenka44: Can;t understand why you would focus on mass towers
(30:56 / All) Dark-Kenka44: vs no tower
(34:30 / All) 122313212136514: so trash
(34:33 / All) 122313212136514: cant even win 5v2
(35:22 / All) Dark-Kenka44: I should have got sh this game too
(35:23 / All) Dark-Kenka44: but
(35:33 / All) Dark-Kenka44: iddn't realize I'd have two brainless faggots tryharding with mass hero my mass tower
(35:34 / All) rockylovesemily: you should've stfu this game too
(35:40 / All) Dark-Kenka44: lol
(35:44 / All) Dark-Kenka44: purple level 4 talking hsit
(35:56 / All) rockylovesemily: dipshit teal doesnt realize its a team game
(39:27 / Allies) Jiggy-Boy-Cover: tavern those back bitch
(41:41 / All) Dark-Kenka44: they were buds
(43:35 / All) rockylovesemily: Yup
(44:44 / All) Jiggy-Boy-Cover: out
(46:29 / All) Jiggy-Boy-Cover: stop wasting my time
(46:31 / All) Jiggy-Boy-Cover: give me my win
(47:48 / All) Jiggy-Boy-Cover: from where you're kneeling it must look like an 18-karat run of bad luck
(47:50 / All) Jiggy-Boy-Cover: BUT TRUTH IS
(47:54 / All) Jiggy-Boy-Cover: THE GAME WAS RIGGED FROM THE START
(48:08 / All) 23423: teal started tk'ing mid-game............
(48:42 / All) 23423: and he has 10k gold
(48:46 / All) 23423: and is suiciding
(49:03 / All) Jiggy-Boy-Cover: YOU LOSE
(49:17 / All) 23423: no shit. It was 35
(49:20 / All) 23423: 3v5
(55:31 / All) 23423: last building is the beastiary.....top right.
(55:41 / All) 23423: 11 hps